 Dungeon Crawl Stone Soup version 0.30-a0-297-g0ec75d9ef4 (webtiles) character file.

Game seed: 3940727693339879979

224 lunkers the Cutter (level 6, -1/47 HPs)
             Began as a Meteoran Wanderer on Oct 20, 2022.
             Slain by an orc
             ... wielding a +0 hand axe
              (5 damage)
             ... on level 4 of the Dungeon.
             The game lasted 00:02:37 (1559 turns).

lunkers the Cutter (Meteoran Wanderer)              Turns: 1559, Time: 00:02:38

Health: -1/47      AC: -10   Str: 12    XL:     6   Next: 45%
Magic:  11/11      EV: 14    Int: 12    God:
Gold:   178        SH:  5    Dex: 19    Spells: 6/10 levels left

rFire   . . .      SeeInvis .    a - +2 dagger
rCold   . . .      Faith    .    (no shield)
rNeg    . . .      Spirit   .    e - +0 robe
rPois   .          Reflect  +    (no helmet)
rElec   .          Harm     .    (no cloak)
rCorr   .          Rampage  .    (no gloves)
Will    .....                    (no boots)
Stlth   +.........               g - amulet of reflection
HPRegen 0.27/turn                i - +4 ring of slaying
MPRegen 0.12/turn                (no ring)

@: corroded, glowing
A: sense surroundings 1, otherworldly, glowing, explore regen
a: no special abilities


You were on level 4 of the Dungeon.
You visited 1 branch of the dungeon, and saw 4 of its levels.

You collected 178 gold pieces.

Inventory:

Hand Weapons
 a - a +2 dagger (weapon)
 k - a +0 club
 l - a +1 vorpal flail
Armour
 e - a +0 robe (worn)
Magical Staves
 s - a staff of earth
Jewellery
 f - a ring of fire
 g - an amulet of reflection (around neck)
 i - a +4 ring of slaying (left hand)
Wands
 q - a wand of roots (4)
Scrolls
 b - a scroll of blinking
 j - 2 scrolls of identify
 m - a scroll of fear {unknown}
 n - a scroll of noise {unknown}
 o - 2 scrolls of fog {unknown}
Potions
 c - a potion of lignification
 d - 2 potions of heal wounds
 h - 2 potions of might
 p - a potion of curing {unknown}
 r - a potion of cancellation {unknown}


   Skills:
 - Level 1.1 Fighting
 + Level 6.1 Short Blades
 - Level 3.6 Dodging
 - Level 2.1 Stealth
 - Level 2.6 Spellcasting
 - Level 1.1 Ice Magic


You had 6 spell levels left.
You knew the following spells:

 Your Spells              Type           Power      Damage    Failure   Level
b - Ozocubu's Armour      Ice            4%         N/A       43%         3
p - Freeze                Ice            16%        1d4       16%         1

Your spell library contained the following spells:

 Spells                   Type           Power      Damage    Failure   Level


Dungeon Overview and Level Annotations

Branches:
Dungeon (4/15) Zot: 857
 Temple: D:4-7

Altars:

Annotations:
D:3 3 runed translucent doors, koil's ghost, weakling SpEn; lunkers's ghost, amateur MeFi


Innate Abilities, Weirdness & Mutations

You passively map a small area around you.
You are easily found by Zot.
You glow in the dark.
You regain HP and MP as you explore.


Message History

You kill the orc!
The roots release their grip on Ijyb.
Ijyb screams, "Me kill you!"
Ijyb zaps a wand.
The bolt of acid hits you! The acid corrodes you!
Aiming: Fastroot
Press: ? - help, Shift-Dir - straight line, f - Ijyb
Aim: Ijyb, wielding a +4 dagger of electrocution, wearing a +0 ring mail and carrying a wand of acid (12) (lightly wounded)
The roots erupt in riotous growth!
Roots grab Ijyb.
The grasping roots constrict Ijyb.
Ijyb struggles to escape constriction.
Unknown command.
The grasping roots constrict Ijyb!
Ijyb zaps a wand.
The bolt of acid hits you!!
* * * LOW HITPOINT WARNING * * *
The acid corrodes you!
Things that are here:
a +0 whip; a +0 short sword; an orc corpse The grasping roots constrict Ijyb!
The roots release their grip on Ijyb.
Ijyb drinks a potion.
Ijyb seems to grow stronger.
Things that are here:
a +0 morningstar; an orc corpse Ijyb zaps a wand.
The bolt of acid hits you.
* * * LOW HITPOINT WARNING * * *
You hit Ijyb but do no damage.
Ijyb is almost dead.
Unknown command.
You barely miss Ijyb.
Ijyb is almost dead.
The orc completely misses you.
Ijyb zaps a wand.
The bolt of acid hits you!
* * * LOW HITPOINT WARNING * * *
The acid corrodes you!
Aiming: Fastroot
Press: ? - help, Shift-Dir - straight line, f/p - Ijyb
Aim: Ijyb, wielding a +4 dagger of electrocution, wearing a +0 ring mail and carrying a wand of acid (9) (almost dead, strong)
The roots erupt in riotous growth!
Roots grab Ijyb.
Roots grab the orc. x2
The grasping roots constrict Ijyb.
You kill Ijyb!
The grasping roots constrict the orc. x2; The orc hits you with a +0 hand axe.
You die...

###### *
#.... * #.#..
, , , #.#.# *
* #.#.# * *
#####.#.#
#...))@)#**
#.###.oo....#
, #.#
###.##### #.#
*... ,, * #.#
..... #.#
##### #.# #.#
######.#


You could see 2 orcs.

Vanquished Creatures
  An ogre (D:4)
  Ijyb (D:4)
  An iguana (D:4)
  3 gnolls (D:2)
  4 adders
  A dart slug (D:3)
  4 orcs
  4 endoplasms
  2 giant cockroaches
  3 hobgoblins
  4 jackals (D:2)
  A quokka (D:3)
  6 ball pythons
  3 bats (D:3)
  3 frilled lizards
  6 kobolds
  A rat (D:3)
48 creatures vanquished.

Notes
Turn   | Place    | Note
-------+----------+-------------------------------------------
     0 | D:1      | lunkers the Meteoran Wanderer began the quest for the Orb.
     0 | D:1      | lunkers set off with the following items: a +2 dagger, a
                  | scroll of blinking, a potion of lignification, a potion of
                  | heal wounds, a +0 robe; and the following spell memorised:
                  | Freeze; and the following spells available to memorise:
                  | Ozocubu's Armour.
     0 | D:1      | Reached XP level 1. HP: 16/16 MP: 5/5
   115 | D:1      | Reached skill level 1 in Short Blades
   170 | D:1      | Reached XP level 2. HP: 22/23 MP: 4/6
   380 | D:1      | Reached skill level 2 in Short Blades
   489 | D:2      | Reached XP level 3. HP: 16/28 MP: 0/8
   499 | D:2      | Learned a level 3 spell: Ozocubu's Armour
   569 | D:2      | Reached skill level 3 in Short Blades
   615 | D:2      | Reached XP level 4. HP: 17/35 MP: 9/9
  1063 | D:3      | Reached skill level 4 in Short Blades
  1171 | D:3      | Found a runed translucent gate.
  1172 | D:3      | Found a runed translucent gate.
  1174 | D:3      | Found a runed translucent gate.
  1175 | D:3      | Noticed lunkers's ghost (amateur MeFi)
  1176 | D:3      | Noticed koil's ghost (weakling SpEn)
  1245 | D:3      | Reached XP level 5. HP: 31/40 MP: 10/10
  1361 | D:4      | HP: 2/40 [iguana (1)]
  1363 | D:4      | Reached skill level 5 in Short Blades
  1421 | D:4      | Noticed an ogre
  1430 | D:4      | Killed an ogre
  1431 | D:4      | Reached skill level 6 in Short Blades
  1431 | D:4      | Reached XP level 6. HP: 11/47 MP: 11/11
  1546 | D:4      | Noticed Ijyb
  1559 | D:4      | Killed Ijyb
  1559 | D:4      | Slain by an orc

Illustrated notes

Levels and vault maps discovered:
D:1:      lemuel_arrival_behind_the_door_large, layout_loops_ring
D:2:      layout_basic, minmay_distorted, uniq_jessica
D:3:      minmay_diamond_boxcup, layout_basic, gammafunk_ghost_cemetery
D:4:      layout_loops_ring, amcnicky_altar_gilded, dk_xom_monty_hall,
          minmay_misc_feat_square, uniq_sigmund, uniq_ijyb,
          uniq_crazy_yiuf_cottage

Skill      XL: |  1  2  3  4  5 |
---------------+----------------+-----
Short Blades   | 1 2 3 4 6 |  6.1
Fighting       | |  1.1
Dodging        | |  3.6
Stealth        | |  2.1
Spellcasting   | |  2.6
Ice Magic      | |  1.1

Action                   |  1- 3 |  4- 6 || total
-------------------------+-------+-------++-------
Melee: Dagger            |    28 |    55 ||    83
       Punch             |       |     1 ||     1
 Cast: Freeze            |    25 |       ||    25
Evoke: Wand              |       |     5 ||     5
  Use: Scroll            |     5 |       ||     5
       Potion            |     1 |       ||     1
 Stab: Sleeping          |       |     2 ||     2
Armor: Robe              |     2 |     5 ||     7
       Skin              |     6 |       ||     6
Dodge: Dodged            |    24 |    15 ||    39
Block: Other             |    13 |    10 ||    23

Table legend: (Time is in decaauts)
 A = Elapsed time spent in this place.
 B = Non-inter-level travel time spent in this place.
 C = Inter-level travel time spent in this place.
 D = Time resting spent in this place.
 E = Time spent auto-exploring this place.
 F = Levels seen in this place.
 G = Mean time per level.
                   A        B        C        D        E       F      G
               +--------+--------+--------+--------+--------+-----+--------+
         Total |   1541 |   1501 |     40 |     97 |   1115 |   4 |  385.2 |
       Dungeon |   1541 |   1501 |     40 |     97 |   1115 |   4 |  385.2 |
               +--------+--------+--------+--------+--------+-----+--------+

Top non-repeatable levels by time:
     D:2: 536 daAuts
     D:1: 470 daAuts
     D:3: 324 daAuts
     D:4: 210 daAuts
